Unix NetHack Version 3.7.0-53 Work-in-progress - last build Mar 21 2022 02:33:53 (e25487e73a26563eb890138f5364dfe52547422e,branch:master). Game began 2022-03-25 12:11:17, ended 2022-03-25 12:49:37. elenmirie, neutral female gnomish Archeologist --------------------------------- |..................%............| --------- |.---------------.-----------...| |.......| |.|....| |(((.|.|....|(((.|...| |.......| |.|....| |(((.|.|.)..|?+!.|...| |.......| |.-....| |(((.-.-..).|()()%...| -.--.-.)- |.------+--------.----.-----|...| # ### # |.............{)...|....|%!%|%..| # ## -....--|----.......|[._.|%!!|...| -------- # ### |....|..| |.......|.(..|%.!|)..| .....>| # # ) |....|..| |......{|./).|...|...| |......| #### ###### #|....----+--.......---|----|-)..|######.^...).| ---|----o-- ## %# #.........%%...............%.....-## |......| |......<@.-##########...----|----.......-|--.........| ## ......| |.......G.| # #..|..|..| |.......|..|.........| -------- |.........| ..-..|..| .-.......|..|.........| |.......... --------------------------------- ----------- Elenmirie the Investigator St:16 Dx:12 Co:13 In:12 Wi:15 Ch:9 Neutral Dlvl:7 $:28 HP:0(49) Pw:33(33) AC:3 Xp:7/759 T:3422 Latest messages: You finish your prayer. The potions on the altar glow light blue for a moment. You feel that Camaxtli is well-pleased. r - 5 blessed clear potions. What do you want to use or apply? [ae-gtwxzFK or ?*] w You put 5 blessed clear potions into the sack. You see here a kobold corpse. Where do you want to travel to? (For instructions type a '?') You hear someone cursing shoplifters. You swap places with the peaceful gnome king. You hit the yellow mold. You hit the yellow mold. You stagger... You stop searching. You feel a bit steadier now. You stop searching. You kill the yellow mold! The Uruk-hai hits! You hit the Uruk-hai. You hit the Uruk-hai! You hit the Uruk-hai! You hit the Uruk-hai! The Uruk-hai hits! You kill the Uruk-hai! $ - 28 gold pieces. There are many more objects here. The Uruk-hai throws a dart! You are hit by a dart. The Uruk-hai wields a crude short sword! The Uruk-hai thrusts her crude short sword. The Uruk-hai hits! You hit the Uruk-hai. You hit the Uruk-hai! The Uruk-hai thrusts her crude short sword. The Uruk-hai hits! You kill the Uruk-hai! You are carrying too much to get through. You hear an animal carcass being offered in sacrifice. The Uruk-hai swings his crude bow. The Uruk-hai hits! You hit the Uruk-hai! The Uruk-hai swings his crude bow. The Uruk-hai hits! You die... Do you want your possessions identified? [ynq] (y) y Do you want to see your attributes? [ynq] (y) y Do you want an account of creatures vanquished? [ynaq] (y) y Do you want to see your conduct and achievements? [ynq] (y) y Do you want to see the dungeon overview? [ynq] (y) y Major events: Turn 1: elenmirie the neutral female gnomish Archeologist entered the dungeon 1203: attained the rank of Field Worker (level 3) 1570: entered the Gnomish Mines 2234: reached Mine Town 2329: attained the rank of Investigator (level 6) 2498: destroyed Gandelf's ghost, the former Novice 3422: killed by an Uruk-hai Inventory: Coins $ - 28 gold pieces Weapons a - an uncursed +2 bullwhip Armor c - an uncursed +0 fedora (being worn) Q - a cursed +2 pair of leather gloves (being worn) S - a cursed +1 robe (being worn) b - an uncursed +0 leather jacket (being worn) Comestibles d - 2 uncursed food rations L - an uncursed lizard corpse Rings s - an uncursed ring of shock resistance Wands z - an uncursed wand of polymorph (0:5) f - an uncursed wand of speed monster (0:2) Tools w - an uncursed sack containing 18 items K - an uncursed magic whistle F - an uncursed +0 pick-axe (weapon in hand) e - an uncursed skeleton key t - an uncursed tinning kit (0:62) x - an uncursed towel Gems/Stones g - an uncursed touchstone Contents of the sack: 196 gold pieces an uncursed scroll of blank paper a cursed scroll of enchant armor 2 uncursed scrolls of enchant weapon an uncursed scroll of fire an uncursed scroll of food detection an uncursed scroll of gold detection an uncursed scroll of identify 3 uncursed scrolls of remove curse an uncursed spellbook of cancellation an uncursed spellbook of haste self a cursed potion of fruit juice a cursed potion of healing a cursed potion of object detection a cursed potion of sickness a blessed potion of sleeping 5 potions of holy water a potion of unholy water Elenmirie the Archeologist's attributes: Background: You were an Investigator, a level 7 female gnomish Archeologist. You were neutral, on a mission for Camaxtli who was opposed by Quetzalcoatl (lawful) and Huhetotl (chaotic). You were in the Gnomish Mines, on level 7. You entered the dungeon 3422 turns ago. You had 759 experience points, 521 more were needed to attain level 8. Basics: You had 0 out of 49 hit points. You had all 33 energy points (spell power). Your armor class was 3. Your wallet contained 28 zorkmids. Autopickup was on for '$' plus thrown. Final Characteristics: Your strength was 16 (limit:18/50). Your dexterity was 12 (limit:18). Your constitution was 13 (limit:18). Your intelligence was 12 (limit:19). Your wisdom was 15 (limit:18). Your charisma was 9 (limit:18). Final Status: You were not hungry. You were unencumbered. You were wielding a pick-axe. You were skilled in pick-axe. Final Attributes: You were piously aligned. You were poison resistant. You were telepathic. You had infravision. You were stealthy. You were guarded. You were fast. You are dead. Miscellaneous: You encountered 1 bones level. Total elapsed playing time was 38 minutes and 16 seconds. Vanquished creatures: a ghost a giant beetle 3 lizards a bugbear 2 Uruk-hai a rock piercer a kobold mummy a gray ooze 3 elf zombies a ghoul a paper golem 2 floating eyes 2 kittens 11 hill orcs 2 orc zombies a werejackal 2 iguanas 7 killer bees an acid blob 2 hobbits a hobgoblin 2 giant rats 2 yellow molds a red mold a gnome 2 gnome zombies 4 geckos 4 jackals 2 foxes 2 goblins 2 sewer rats a grid bug 3 lichens 5 newts 78 creatures vanquished. No species were genocided or became extinct. Voluntary challenges: You read items or engraved 5 times. You never engraved Elbereth. You never genocided any monsters. You never polymorphed an object. You never changed form. You used no wishes. Achievements: You entered a shop. You attained the rank of Field Worker. You entered the Gnomish Mines. You entered Minetown. You attained the rank of Investigator. You entered a temple. The Dungeons of Doom: levels 1 to 6 Level 1: Some fountains. Level 2: Some fountains, a sink. Level 3: A weapon shop, some fountains. Level 4: Stairs down to The Gnomish Mines. Level 5: Many fountains. Oracle of Delphi. Level 6: The Gnomish Mines: levels 5 to 7 Level 5: Level 6: Level 7: <- You were here. Many shops, a temple to Camaxtli, some fountains. Final resting place for you, killed by an Uruk-hai, Gandelf-Mon-Hum-Mal-Neu, killed by a killer bee. Game over: ---------- / \ / REST \ / IN \ / PEACE \ / \ | elenmirie | | 224 Au | | killed by an | | Uruk-hai | | | | | | 2022 | *| * * * | * _________)/\\_//(\/(/\)/\//\/|_)_______ Goodbye elenmirie the Archeologist... You died in The Gnomish Mines on dungeon level 7 with 3538 points, and 224 pieces of gold, after 3422 moves. You were level 7 with a maximum of 49 hit points when you died.